AAA
ALBUQUERQUE ISOTOPES @ TUCSON SIDEWINDERS
05/30/2052
 
TOP OF THE 1ST
Victoria HarbourCats batting - Pitching for Albuquerque Isotopes : RHP Dave Toller
Pitching: RHP Dave Toller
Batting: LHB Yandy Zamano 0-0: Ball
1-0: Bunt missed!
1-1: TRIPLE (Flyball, 89XD, EV 105.0 MPH)
Batting: RHB Zach Glenn 0-0: Ball
1-0: Called Strike
1-1: Ball
2-1: Ball
3-1: Foul Ball, location: 2F
3-2: SINGLE (Groundball, 6M, EV 110.0 MPH)
Yandy Zamano scores
Batting: LHB Jacques Fleig 0-0: Called Strike
0-1: Ball
1-1: Foul Ball, location: 2RF
1-2: Foul Ball, location: 7LMF
1-2: Fly out, F6 (Popup, 6, EV 62.5 MPH)
Batting: SHB Darling Conkle 0-0: Called Strike
0-1: Ball
1-1: Ball
2-1: Fielders Choice at 2nd, 4-6 (Groundball, 4, EV 88.1 MPH)
Batting: LHB Jim Morales 0-0: Called Strike
0-1: Foul Ball, location: 9LMF
0-2: Foul Ball, location: 5FF
0-2: Strikes out looking
Top of the 1st over - 1 run, 2 hits, 0 errors, 1 left on base; Victoria 1 - Albuquerque 0
BOTTOM OF THE 1ST
Albuquerque Isotopes batting - Pitching for Victoria HarbourCats : RHP Jakob Taylor
Pitching: RHP Jakob Taylor
Batting: RHB Vic Soler 0-0: Called Strike
0-1: Called Strike
0-2: Fly out, F6 (Popup, 6, EV 78.8 MPH)
Batting: LHB Orlando Bomexi 0-0: Ball
1-0: Ground out 6-3 (Groundball, 6, EV 106.3 MPH)
Batting: LHB Elonzo De Hoyos 0-0: Called Strike
0-1: Called Strike
0-2: SINGLE (Line Drive, 8LS, EV 94.4 MPH)
Batting: RHB Ryan Larsen 0-0: Ball
1-0: Foul Ball, location: 2F
1-1: Called Strike
1-2: Strikes out swinging
Bottom of the 1st over - 0 runs, 1 hit, 0 errors, 1 left on base; Victoria 1 - Albuquerque 0
TOP OF THE 2ND
Victoria HarbourCats batting - Pitching for Albuquerque Isotopes : RHP Dave Toller
Batting: RHB Walter Stern 0-0: Called Strike
0-1: Ground out 4-3 (Groundball, 4, EV 82.5 MPH)
Batting: SHB Thacher Baker 0-0: Ball
1-0: Foul Ball, location: 7LDF
1-1: Called Strike
1-2: Ball
2-2: Strikes out swinging
Batting: RHB John Holmes 0-0: Ball
1-0: Hit by Pitch
Batting: SHB Titus Ginn 0-0: Ball
1-0: Ball
2-0: Ball
3-0: Base on Balls
John Holmes to second
Batting: LHB Yandy Zamano 0-0: Ball
1-0: Swinging Strike
1-1: Hit by Pitch
John Holmes to third
Titus Ginn to second
Batting: RHB Zach Glenn 0-0: Fly out, F6 (Popup, 6MD, EV 52.5 MPH)
Top of the 2nd over - 0 runs, 0 hits, 0 errors, 3 left on base; Victoria 1 - Albuquerque 0
BOTTOM OF THE 2ND
Albuquerque Isotopes batting - Pitching for Victoria HarbourCats : RHP Jakob Taylor
Batting: LHB Jonas Aguillon 0-0: Ball
1-0: Called Strike
1-1: Foul Ball, location: 2F
1-2: DOUBLE (Flyball, 78D, EV 96.9 MPH)
Batting: RHB Sandro Cordero 0-0: Foul Ball, location: 25FF
0-1: Ball
1-1: Foul Ball, location: 3FF
1-2: Foul Ball, location: 2F
1-2: Foul Ball, location: 2F
1-2: Ball
Wild Pitch!
Jonas Aguillon to third
2-2: Foul Ball, location: 9LDF
2-2: Foul Ball, location: 5FF
2-2: Foul Ball, location: 23F
2-2: Foul Ball, location: 9LSFF
2-2: Fly out, F9 (Flyball, 9S, EV 82.5 MPH)
Batting: RHB Ashton Hamm 0-0: Ball
1-0: Called Strike
1-1: Foul Ball, location: 7LDF
1-2: Ball
2-2: Foul Ball, location: 9LSF
2-2: Fly out, F7 (Line Drive, 7S, EV 100.0 MPH)
Batting: RHB Vincent Gadd 0-0: Ball
1-0: Ground out 5-3 (Groundball, 56, EV 102.5 MPH)
Bottom of the 2nd over - 0 runs, 1 hit, 0 errors, 1 left on base; Victoria 1 - Albuquerque 0
TOP OF THE 3RD
Victoria HarbourCats batting - Pitching for Albuquerque Isotopes : RHP Dave Toller
Batting: LHB Jacques Fleig 0-0: Swinging Strike
0-1: Foul Ball, location: 5SF
0-2: Strikes out swinging
Batting: SHB Darling Conkle 0-0: Ball
1-0: Ball
2-0: Foul Ball, location: 7LDF
2-1: Ball
3-1: Foul Ball, location: 7LDF
3-2: Foul Ball, location: 2F
3-2: SINGLE (Groundball, 34D, EV 100.6 MPH)
Batting: LHB Jim Morales 0-0: Called Strike
0-1: Swinging Strike
0-2: Ball
1-2: Foul Ball, location: 7LMF
1-2: Fly out, F7 (Flyball, 78D, EV 76.3 MPH)
Batting: RHB Walter Stern 0-0: Ball
1-0: DOUBLE (Flyball, 8RXD, EV 91.3 MPH)
Darling Conkle to third
Batting: SHB Thacher Baker 0-0: Called Strike
0-1: SINGLE (Groundball, 56D, EV 94.4 MPH)
Darling Conkle scores
Walter Stern to third
Runner from 3rd tries for Home, throw by LF and OUT! 7-2
Top of the 3rd over - 1 run, 3 hits, 0 errors, 1 left on base; Victoria 2 - Albuquerque 0
BOTTOM OF THE 3RD
Albuquerque Isotopes batting - Pitching for Victoria HarbourCats : RHP Jakob Taylor
Batting: RHB Barry Gonzalez 0-0: Reached on error, E4 (Groundball, 4S, EV 84.4 MPH)
Batting: RHB Vic Soler 0-0: Foul Ball, location: 7LSF, Error on foul ball, E7
0-1: Swinging Strike
0-2: Ball
1-2: Fielders Choice at 2nd, 5-4 (Groundball, 5L, EV 84.4 MPH)
Batting: LHB Orlando Bomexi 0-0: Fielders Choice at 2nd, 6-4 (Groundball, 6, EV 91.9 MPH)
Batting: LHB Elonzo De Hoyos 0-0: Ball
1-0: Ball
2-0: Called Strike
2-1: Ball
Orlando Bomexi steals 2nd base
3-1: Called Strike
3-2: SINGLE (Groundball, 34D, EV 110.6 MPH)
Orlando Bomexi to third
Runner from 3rd tries for Home, SAFE, throw by RF to home
Batting: RHB Ryan Larsen 0-0: Called Strike
0-1: Ball
1-1: Foul Ball, location: 2F
1-2: DOUBLE (Line Drive, 7LM, EV 88.1 MPH)
Elonzo De Hoyos to third
Runner from 3rd tries for Home, SAFE, no throw by LF
Batting: LHB Jonas Aguillon 0-0: Called Strike
0-1: Ball
1-1: Called Strike
1-2: Strikes out looking
Bottom of the 3rd over - 2 runs, 2 hits, 2 errors, 1 left on base; Victoria 2 - Albuquerque 2
TOP OF THE 4TH
Victoria HarbourCats batting - Pitching for Albuquerque Isotopes : RHP Dave Toller
Batting: RHB John Holmes 0-0: Ball
1-0: Ball
2-0: Ground out U3 (Groundball, 3, EV 69.4 MPH)
Batting: SHB Titus Ginn 0-0: Called Strike
0-1: Ball
1-1: Ball
2-1: Ball
3-1: Called Strike
3-2: Fly out, F8 (Flyball, 8LM, EV 95.0 MPH)
Batting: LHB Yandy Zamano 0-0: Ball
1-0: Ball
2-0: Ball
3-0: Called Strike
3-1: Swinging Strike
3-2: Fly out, F8 (Line Drive, 8RM, EV 96.3 MPH)
Top of the 4th over - 0 runs, 0 hits, 0 errors, 0 left on base; Victoria 2 - Albuquerque 2
BOTTOM OF THE 4TH
Albuquerque Isotopes batting - Pitching for Victoria HarbourCats : RHP Jakob Taylor
Batting: RHB Sandro Cordero 0-0: Foul Ball, location: 2F
0-1: Ground out 5-3 (Groundball, 56, EV 102.5 MPH)
Batting: RHB Ashton Hamm 0-0: Ball
1-0: Fly out, F7 (Flyball, 78M, EV 90.0 MPH)
Batting: RHB Vincent Gadd 0-0: Fly out, F8 (Flyball, 8LD, EV 80.6 MPH)
Bottom of the 4th over - 0 runs, 0 hits, 0 errors, 0 left on base; Victoria 2 - Albuquerque 2
TOP OF THE 5TH
Victoria HarbourCats batting - Pitching for Albuquerque Isotopes : RHP Dave Toller
Batting: RHB Zach Glenn 0-0: Foul Ball, location: 9LSF
0-1: Called Strike
0-2: Ball
1-2: Ground out 6-3 (Groundball, 6, EV 84.4 MPH)
Batting: LHB Jacques Fleig 0-0: Ground out U3 (Groundball, 3L, EV 102.5 MPH)
Batting: SHB Darling Conkle 0-0: Ground out 5-3 (Groundball, 56, EV 83.1 MPH)
Top of the 5th over - 0 runs, 0 hits, 0 errors, 0 left on base; Victoria 2 - Albuquerque 2
BOTTOM OF THE 5TH
Albuquerque Isotopes batting - Pitching for Victoria HarbourCats : RHP Jakob Taylor
Batting: RHB Barry Gonzalez 0-0: Ball
1-0: Ball
2-0: Ground out 5-3 (Groundball, 56S, EV 88.8 MPH)
Batting: RHB Vic Soler 0-0: Ball
1-0: SINGLE (Groundball, 4D, EV 100.0 MPH)
Batting: LHB Orlando Bomexi 0-0: Called Strike
Vic Soler steals 2nd base
0-1: Swinging Strike
0-2: Fly out, F8 (Flyball, 8RM, EV 83.8 MPH)
Batting: LHB Elonzo De Hoyos 0-0: Ball
1-0: SINGLE (Line Drive, 34D, EV 66.3 MPH)
Vic Soler to third
Runner from 3rd tries for Home, throw by RF and OUT! 9-2
Bottom of the 5th over - 0 runs, 2 hits, 0 errors, 1 left on base; Victoria 2 - Albuquerque 2
TOP OF THE 6TH
Victoria HarbourCats batting - Pitching for Albuquerque Isotopes : RHP Dave Toller
Batting: LHB Jim Morales 0-0: Called Strike
0-1: Ground out 4-3 (Groundball, 34D, EV 106.3 MPH)
Batting: RHB Walter Stern 0-0: Ball
1-0: Foul Ball, location: 23FF
1-1: Called Strike
1-2: Fly out, F9 (Flyball, 9S, EV 90.6 MPH)
Batting: SHB Thacher Baker 0-0: Called Strike
0-1: Swinging Strike
0-2: Ball
1-2: Strikes out swinging
Top of the 6th over - 0 runs, 0 hits, 0 errors, 0 left on base; Victoria 2 - Albuquerque 2
BOTTOM OF THE 6TH
Albuquerque Isotopes batting - Pitching for Victoria HarbourCats : RHP Jakob Taylor
Batting: RHB Ryan Larsen 0-0: Called Strike
0-1: Foul Ball, location: 9LSF
0-2: Ball
1-2: Ball
2-2: Ball
3-2: SINGLE (Groundball, 4MD, EV 95.0 MPH)
Batting: LHB Jonas Aguillon 0-0: Called Strike
Pickoff Throw to First - Out! 1-3 CS
0-1: Ball
1-1: Foul Ball, location: 3DF
1-2: Foul Ball, location: 2F
1-2: Ball
2-2: Ball
3-2: Fly out, F6 (Popup, 4MS, EV 68.1 MPH)
Batting: RHB Sandro Cordero 0-0: Called Strike
0-1: Foul Ball, location: 9LMFF
0-2: Foul Ball, location: 2F
0-2: Ball
1-2: Strikes out looking
Bottom of the 6th over - 0 runs, 1 hit, 0 errors, 0 left on base; Victoria 2 - Albuquerque 2
TOP OF THE 7TH
Victoria HarbourCats batting - Pitching for Albuquerque Isotopes : RHP Dave Toller
Batting: RHB John Holmes 0-0: Ball
1-0: Ball
2-0: Ball
3-0: Foul Ball, location: 5F
3-1: Base on Balls
Batting: SHB Titus Ginn 0-0: Bunt - Flyout to 15S! F1
Batting: LHB Yandy Zamano 0-0: Swinging Strike
0-1: Called Strike
0-2: Strikes out looking
Batting: RHB Zach Glenn 0-0: Ground out 4-3 (Groundball, 13, EV 100.0 MPH)
Top of the 7th over - 0 runs, 0 hits, 0 errors, 1 left on base; Victoria 2 - Albuquerque 2
BOTTOM OF THE 7TH
Albuquerque Isotopes batting - Pitching for Victoria HarbourCats : RHP Jakob Taylor
Batting: RHB Ashton Hamm 0-0: Ball
1-0: Foul Ball, location: 9LSFF
1-1: Ball
2-1: Foul Ball, location: 23FF
2-2: Foul Ball, location: 3DF
2-2: Foul Ball, location: 7LMFF
2-2: Foul Ball, location: 9LSF
2-2: Foul Ball, location: 3DF
2-2: Foul Ball, location: 9LSF
2-2: Ball
3-2: Fly out, F8 (Flyball, 8LXD, EV 100.0 MPH)
Batting: RHB Vincent Gadd 0-0: Ball
1-0: Ball
2-0: Ball
3-0: Called Strike
3-1: Ground out 2-3 (Groundball, 15S, EV 62.5 MPH)
Pinch Hitting: LHB Loren Rushton 0-0: Ball
1-0: Called Strike
1-1: Ball
2-1: SINGLE (Line Drive, 7S, EV 85.6 MPH)
Pitching: RHP Richard Buchanan
Batting: RHB Vic Soler 0-0: Ball
1-0: Foul Ball, location: 5F
1-1: Swinging Strike
1-2: Ball
2-2: SINGLE (Groundball, 6S, EV 69.4 MPH) (infield hit)
Loren Rushton to second
Batting: LHB Orlando Bomexi 0-0: Ball
1-0: Ball
2-0: Called Strike
2-1: Ball
3-1: Called Strike
3-2: Base on Balls
Loren Rushton to third
Vic Soler to second
Batting: LHB Elonzo De Hoyos 0-0: Called Strike
0-1: Called Strike
0-2: Ball
1-2: Ball
2-2: Ground out U3 (Groundball, 3, EV 84.4 MPH)
Bottom of the 7th over - 0 runs, 2 hits, 0 errors, 3 left on base; Victoria 2 - Albuquerque 2
TOP OF THE 8TH
Victoria HarbourCats batting - Pitching for Albuquerque Isotopes : RHP Dave Toller
Now at 2B: Nolan Staup
Now at SS: Vic Soler
Batting: LHB Jacques Fleig 0-0: Ball
1-0: Called Strike
1-1: Ball
2-1: Fly out, F4 (Line Drive, 34, EV 65.0 MPH)
Pitching: RHP Cody Tejeda
Batting: SHB Darling Conkle 0-0: Called Strike
0-1: Ball
1-1: Ball
2-1: DOUBLE (Flyball, 78D, EV 92.5 MPH)
Batting: LHB Jim Morales 0-0: Swinging Strike
0-1: Fly out, F8 (Flyball, 8LM, EV 87.5 MPH)
Batting: RHB Walter Stern 0-0: Ball
1-0: Foul Ball, location: 2LF
1-1: Ball
2-1: Ground out 6-3 (Groundball, 6, EV 87.5 MPH)
Top of the 8th over - 0 runs, 1 hit, 0 errors, 1 left on base; Victoria 2 - Albuquerque 2
BOTTOM OF THE 8TH
Albuquerque Isotopes batting - Pitching for Victoria HarbourCats : RHP Richard Buchanan
Pinch Hitting: LHB Heath Levine 0-0: Ball
1-0: Foul Ball, location: 3DF
1-1: Ball
2-1: Foul Ball, location: 3F
2-2: Ball
3-2: Strikes out swinging
Batting: LHB Jonas Aguillon 0-0: Foul Ball, location: 7LSF
0-1: Ball
1-1: Called Strike
1-2: Fly out, F7 (Flyball, 78S, EV 84.4 MPH)
Batting: RHB Sandro Cordero 0-0: Foul Ball, location: 2F
0-1: Called Strike
0-2: Ball
1-2: Foul Ball, location: 23F
1-2: Ball
2-2: Foul Ball, location: 7LSF
2-2: Foul Ball, location: 23F
2-2: Foul Ball, location: 2F
2-2: Ball
3-2: Foul Ball, location: 25F
3-2: Fly out, F3 (Popup, 3, EV 78.8 MPH)
Bottom of the 8th over - 0 runs, 0 hits, 0 errors, 0 left on base; Victoria 2 - Albuquerque 2
TOP OF THE 9TH
Victoria HarbourCats batting - Pitching for Albuquerque Isotopes : RHP Cody Tejeda
Pitching: LHP Quillan Warner
Now at 1B: Remy Berryman
Batting: SHB Thacher Baker 0-0: Ball
1-0: Ground out 3-1 (Groundball, 34, EV 103.8 MPH)
Batting: RHB John Holmes 0-0: Ball
1-0: Ball
2-0: Foul Ball, location: 7LSF
2-1: Ball
3-1: Swinging Strike
3-2: Strikes out swinging
Pinch Hitting: RHB Anderson Chase 0-0: Swinging Strike
0-1: Ball
1-1: Swinging Strike
1-2: Strikes out swinging
Top of the 9th over - 0 runs, 0 hits, 0 errors, 0 left on base; Victoria 2 - Albuquerque 2
BOTTOM OF THE 9TH
Albuquerque Isotopes batting - Pitching for Victoria HarbourCats : RHP Richard Buchanan
Pitching: RHP Yasiel Collazo
Now at 3B: Anderson Chase
Batting: RHB Ashton Hamm 0-0: Called Strike
0-1: Ball
1-1: SINGLE (Line Drive, 6MD, EV 94.4 MPH)
Pinch Hitting: LHB Perry Cheney 0-0: Sac Bunt to 3S - play at first, batter OUT! 3-1
Ashton Hamm to second
Batting: RHB Nolan Staup 0-0: Called Strike
0-1: Ground out 5-3 (Groundball, 56, EV 81.3 MPH)
Batting: RHB Vic Soler 0-0: Ball
1-0: Ball
2-0: Foul Ball, location: 2F
2-1: Called Strike
2-2: Ball
3-2: SINGLE (Line Drive, 7S, EV 93.1 MPH)
Ashton Hamm to third
Runner from 3rd tries for Home, SAFE, throw by LF to home
Bottom of the 9th over - 1 run, 2 hits, 0 errors, 1 left on base; Victoria 2 - Albuquerque 3
Tuesday, April 23rd , 2024 - OOTP Baseball 24.11 Build 85